 Dungeon Crawl Stone Soup version 0.23.0-3-gf3c87f2 (webtiles) character file.

Game seed: 7599515409911707719

3163 SeriousVitamin the Arsonist (level 9, 0/44 (45) HPs)
             Began as a Deep Elf Fire Elementalist on Feb 23, 2019.
             Was a Follower of Vehumet.
             Slain by a two-headed ogre
             ... wielding a +0 giant spiked club
              (31 damage)
             ... on level 8 of the Dungeon.
             The game lasted 00:16:59 (7787 turns).

SeriousVitamin the Arsonist (DEFE)                  Turns: 7787, Time: 00:17:00

HP:   0/44 (45)     AC:  7    Str:  8    XL:     9   Next: 63%
MP:   5/23          EV: 13    Int: 21    God:    Vehumet [*.....]
Gold: 348           SH:  0    Dex: 15    Spells: 12/25 levels left

rFire    . . .     SeeInvis .   t - +0 dagger (freeze)
rCold    . . .     Gourm    .   (no shield)
rNeg     . . .     Faith    .   a - +0 robe
rPois    .         Spirit   .   g - +2 hat
rElec    .         Reflect  .   (no cloak)
rCorr    .         Harm     +   (no gloves)
MR       .....                  A - +2 pair of boots
Stlth    ++........             y - amulet of harm
HPRegen  0.14/turn              b - ring of wizardry
MPRegen  0.18/turn              (no ring)

@: no status effects
A: no striking features
a: Renounce Religion


You were on level 8 of the Dungeon.
You worshipped Vehumet.
Vehumet was aware of your devotion.
You were hungry.

You visited 2 branches of the dungeon, and saw 9 of its levels.

You collected 348 gold pieces.

Inventory:

Hand Weapons
 t - a +0 dagger of freezing (weapon)
Armour
 a - a +0 robe (worn)
 g - a +2 hat (worn)
 A - a +2 pair of boots (worn)
Jewellery
 b - a ring of wizardry (left hand)
 y - an amulet of harm (around neck)
Wands
 i - a wand of disintegration (15)
 r - a wand of digging (8)
 s - a wand of random effects (13)
Scrolls
 d - a scroll of fog {unknown}
 h - 2 scrolls of teleportation
 n - 3 scrolls of immolation
 o - 3 scrolls of blinking
 p - a scroll of enchant armour {unknown}
 q - a scroll of fear
 v - 2 scrolls of amnesia {unknown}
 w - 4 scrolls of remove curse
 x - a scroll of magic mapping
 C - a scroll of identify
Potions
 e - 2 potions of haste
 f - a potion of heal wounds {unknown}
 j - a potion of magic
 k - a potion of agility {unknown}
 l - a potion of mutation {unknown}
 m - 4 potions of lignification
 u - a potion of might {unknown}
 z - 2 potions of resistance
 D - a potion of brilliance {unknown}
Comestibles
 c - 19 rations


   Skills:
 - Level 2.4 Dodging
 - Level 2.4 Stealth
 + Level 8.5 Spellcasting
 * Level 9.4 Conjurations
 * Level 9.9 Fire Magic


You had 12 spell levels left.
You knew the following spells:

 Your Spells              Type           Power        Failure   Level  Hunger
a - Flame Tongue          Conj/Fire      #####        1%          1    None
c - Conjure Flame         Conj/Fire      #####...     1%          3    None
e - Sticky Flame          Conj/Fire      #####...     1%          4    ###....
f - Fireball              Conj/Fire      #####.....   1%          5    #####..

Your spell library contained the following spells:

 Spells                   Type           Power        Failure   Level  Hunger
 Sandblast                Erth           #.....       3%          1    None
 Throw Flame              Conj/Fire      #####.       1%          2    None
 Inner Flame              Hex/Fire       ####....     1%          3    None
 Summon Small Mammal      Summ           #...         3%          1    None
 Call Imp                 Summ           #.......     4%          2    None
 Call Canine Familiar     Summ           #.......     9%          3    None
 Summon Guardian Golem    Hex/Summ       #.......     9%          3    None
 Summon Ice Beast         Ice/Summ       #.......     28%         4    ###....
 Summon Lightning Spire   Summ/Air       #.......     28%         4    ###....


Dungeon Overview and Level Annotations

Branches:
Dungeon (8/15)             Temple (1/1) D:5
   Lair: D:8-11

Altars:
Ashenzari
Cheibriados
Dithmenos
Elyvilon
Fedhas
Gozag
Hepliaklqana
Kikubaaqudgha
Makhleb
Nemelex Xobeh
Okawaru
Qazlal
Ru
Sif Muna
Trog
Uskayaw
Vehumet
Wu Jian
Xom
Yredelemnul
The Shining One

Shops:
D:8 :

Annotations:
D:7 3 runed translucent doors, NormalPerson7T's ghost, novice FoFi


Message History

Aiming: Flame Tongue (safe; 1% risk of failure)
Press: ? - help, Shift-Dir - straight line, f/p - two-headed ogre
Aim: a two-headed ogre, wielding a +0 giant spiked club and a +0 giant club (moderately wounded)
The flame tongue hits the two-headed ogre but does no damage.
The two-headed ogre is moderately wounded.
The centaur skeleton closely misses you.
Casting: Flame Tongue (safe; 1% risk of failure)
Confirm with . or Enter, or press ? or * to list all spells.
Aiming: Fireball (safe; 1% risk of failure)
Press: ? - help, Shift-Dir - straight line, f/p - two-headed ogre
Aim: a two-headed ogre, wielding a +0 giant spiked club and a +0 giant club (flame, moderately wounded)
The fireball explodes!
The fireball engulfs the two-headed ogre!
The two-headed ogre is heavily wounded.
The centaur skeleton hits you.
The two-headed ogre is engulfed in blazing flames.
The centaur skeleton barely misses you.
The two-headed ogre hits you with a +0 giant spiked club!!
Ouch! That really hurt!
You die...

# ##..
....>...
###......
#......
#......
#####
#...$..
....
#......
#..######
...
##Z.§.....
...
#.@O§.....
...
##########
###


You could see a two-headed ogre and a centaur skeleton.

Vanquished Creatures
  Grinder (D:3)
  A hippogriff (D:7)
  A wyvern (D:8)
  2 sky beasts
  An ice beast (D:6)
  3 ogres
  4 phantoms
  A necrophage (D:7)
  2 wolves (D:8)
  2 centaurs
  A bullfrog (D:8)
  2 scorpions (D:5)
  6 wights (D:7)
  3 killer bees (D:5)
  A quasit (D:6)
  A bullfrog zombie (D:7)
  2 centaur zombies
  3 hounds
  3 orc priests
  A jelly (D:7)
  An orc wizard (D:5)
  Ijyb (D:3)
  An iguana (D:7)
  4 worker ants
  A hound skeleton (D:6)
  Robin (D:4)
  7 gnolls
  14 adders
  A shadow imp (D:8)
  An ooze (D:2)
  An adder skeleton (D:6)
  2 worms (D:3)
  4 leopard geckos
  8 orcs
  7 bats
  4 giant cockroaches
  15 goblins
  7 hobgoblins
  2 jackals (D:6)
  2 quokkas
  A ball python (D:1)
  3 frilled lizards
  4 kobolds
  5 rats
138 creatures vanquished.

Notes
Turn   | Place    | Note
-------+----------+-------------------------------------------
     0 | D:1      | SeriousVitamin the Deep Elf Fire Elementalist began the
                  | quest for the Orb.
     0 | D:1      | Reached XP level 1. HP: 10/10 MP: 6/6
   172 | D:1      | Reached XP level 2. HP: 13/15 MP: 4/8
   734 | D:2      | Found a white marble altar of Elyvilon.
   740 | D:2      | Reached XP level 3. HP: 19/19 MP: 4/9
  1019 | D:2      | Found a bloodstained altar of Trog.
  1078 | D:2      | Found an ornate altar of the Wu Jian Council.
  1652 | D:2      | Reached XP level 4. HP: 13/24 MP: 8/11
  2094 | D:3      | Noticed Ijyb
  2106 | D:3      | Killed Ijyb
  2632 | D:3      | Found a hazy altar of Hepliaklqana.
  2639 | D:3      | Reached XP level 5. HP: 28/28 MP: 10/13
  2868 | D:3      | Noticed Grinder
  2879 | D:3      | Killed Grinder
  2879 | D:3      | Reached skill level 5 in Fire Magic
  2879 | D:3      | Reached XP level 6. HP: 24/32 MP: 4/15
  3152 | D:2      | Found a shattered altar of Ashenzari.
  3174 | D:4      | Reached skill level 5 in Spellcasting
  3174 | D:4      | Reached skill level 5 in Conjurations
  3182 | D:3      | Learned a level 4 spell: Sticky Flame
  3188 | D:3      | Learned a level 5 spell: Fireball
  3284 | D:4      | Reached XP level 7. HP: 30/36 MP: 9/16
  3368 | D:4      | Noticed Robin
  3372 | D:4      | Killed Robin
  3968 | D:4      | Found a sparkling altar of Nemelex Xobeh.
  3968 | D:4      | Found a bloodstained altar of Trog.
  4185 | D:5      | Entered Level 5 of the Dungeon
  4373 | D:5      | Reached XP level 8. HP: 41/41 MP: 12/19
  4474 | D:5      | HP: 2/41 [centaur/+1 mace of crushing (1)]
  4678 | D:5      | Found a staircase to the Ecumenical Temple.
  4690 | Temple   | Entered the Ecumenical Temple
  5106 | D:5      | Found a radiant altar of Vehumet.
  5106 | D:5      | Found a faded altar of an unknown god.
  5113 | D:5      | Found a stormy altar of Qazlal.
  5116 | D:5      | Became a worshipper of Vehumet
  5119 | D:5      | Found a faded altar of an unknown god.
  5121 | D:5      | Found an iron altar of Okawaru.
  5414 | D:5      | Found a sacrificial altar of Ru.
  5572 | D:6      | You fall through a shaft for 2 floors!
  5575 | D:8      | Found Leaxtausoh's Book Boutique.
  5758 | D:8      | Noticed a two-headed ogre
  5887 | D:8      | Learned a level 3 spell: Conjure Flame
  5990 | D:7      | Noticed a hippogriff
  5996 | D:7      | Killed a hippogriff
  6042 | D:7      | Reached XP level 9. HP: 41/44 MP: 15/22
  6442 | D:6      | Reached * piety under Vehumet
  6442 | D:6      | Offered knowledge of Sandblast by Vehumet.
  6678 | D:6      | Found a deep blue altar of Sif Muna.
  6959 | D:7      | Found a snail-covered altar of Cheibriados.
  7356 | D:7      | Found a runed translucent gate.
  7356 | D:7      | Found a runed translucent gate.
  7365 | D:7      | Found a runed translucent gate.
  7366 | D:7      | Noticed NormalPerson7T's ghost (novice FoFi)
  7787 | D:8      | Slain by a two-headed ogre

Skill      XL: |  1  2  3  4  5  6  7  8  9 |
---------------+----------------------------+-----
Conjurations   | 2 3 4 5 6 8 9 |  9.4
Fire Magic     | 4 5 6 7 8 9 |  9.9
Spellcasting   | 4 5 6 7 8 |  8.5
Dodging        | |  2.4
Stealth        | |  2.4

Action                   |  1- 3 |  4- 6 |  7- 9 || total
-------------------------+-------+-------+-------++-------
Melee: Dagger            |       |    39 |    41 ||    80
 Cast: Flame Tongue      |    67 |    63 |   153 ||   283
       Sticky Flame      |       |       |    20 ||    20
       Fireball          |       |       |     7 ||     7
       Conjure Flame     |       |       |     3 ||     3
  Use: Scroll            |       |       |    13 ||    13
       Potion            |       |       |     2 ||     2
 Stab: Sleeping          |       |     2 |       ||     2
       Distracted        |       |     1 |       ||     1
  Eat: Chunk             |     1 |     2 |    14 ||    17
       Ration            |       |     1 |     1 ||     2
Armor: Robe              |     9 |    11 |    26 ||    46
Dodge: Dodged            |    23 |    35 |    71 ||   129
